 Dungeon Crawl Stone Soup version 0.31-a0-269-g3aca3be (webtiles) character file.

Game seed: 6373982296004197584

212 Dawnplanks the Gusty (level 5, -1/28 HPs)
             Began as a Tengu Air Elementalist on July 14, 2023.
             Slain by a sleepcap (20 damage)
             ... on level 5 of the Dungeon.
             The game lasted 00:04:05 (3300 turns).

Dawnplanks the Gusty (Tengu Air Elementalist)       Turns: 3300, Time: 00:04:06

Health: -1/28      AC:  3    Str:  8    XL:     5   Next: 90%
Magic:  13/19      EV:  2    Int: 18    God:
Gold:   126        SH:  0    Dex: 14    Spells: 0/10 levels left

rFire   . . .        g - +2 dagger (venom)
rCold   . . .        (no shield)
rNeg    . . .        a - +0 robe
rPois   .            (helmet restricted)
rElec   .            x - +0 cloak
rCorr   .            (no gloves)
SInv    .            (boots unavailable)
Will    +....        f - amulet of magic regeneration
Stlth   ++           c - ring of willpower
HPRegen 0.24/turn    d - ring of magical power
MPRegen 0.56/turn

%: no passive effects
@: sleeping, flying quickly and evasively, very slightly contaminated, quick
A: beak, talons 3, nimble flight
a: no special abilities


You were on level 5 of the Dungeon.
You visited 1 branch of the dungeon, and saw 5 of its levels.

You collected 126 gold pieces.

Inventory:

Hand Weapons
 g - a +2 dagger of venom (weapon)
Armour
 a - a +0 robe (worn)
 x - a +0 cloak (worn)
Jewellery
 c - a ring of willpower (left hand)
 d - a ring of magical power (right hand)
 f - an amulet of magic regeneration (around neck)
 v - a +6 ring of intelligence
Wands
 l - a wand of paralysis (6)
 q - a wand of mindburst (20)
 u - a wand of quicksilver (9)
Scrolls
 h - a scroll of brand weapon {unknown}
 i - 3 scrolls of identify {unknown}
 m - 4 scrolls of teleportation {unknown}
 s - a scroll of fog {unknown}
 t - a scroll of blinking {unknown}
Potions
 b - a potion of magic
 e - a potion of enlightenment {unknown}
 j - 3 potions of curing {unknown}
 k - a potion of degeneration {unknown}
 n - a potion of heal wounds {unknown}
 o - 2 potions of ambrosia {unknown}
 p - a potion of brilliance {unknown}
 r - a potion of might {unknown}
 w - a potion of lignification {unknown}


   Skills:
 + Level 2.6 Dodging
 - Level 2.0 Stealth
 + Level 3.0 Spellcasting
 + Level 2.9 Conjurations
 + Level 6.9 Air Magic


You couldn't memorise any spells.
You knew the following spells:

 Your Spells              Type           Power      Damage    Failure   Level
a - Shock                 Conj/Air       80%        1d8       2%          1
b - Static Discharge      Conj/Air       40%        2-4/arc   3%          2
c - Swiftness             Air            27%        N/A       2%          3
d - Airstrike             Air            13%        2d(2-18)  10%         4

Your spell library contained the following spells:

 Spells                   Type           Power      Damage    Failure   Level
 Magic Dart               Conj           52%        1d5       4%          1
 Searing Ray              Conj           26%        2d5       8%          2
 Kiss of Death            Conj/Necr      32%        2d7       9%          1
 Necrotise                Necr           8%         1d4       16%         1
 Lesser Beckoning         Tloc           4%         N/A       24%         2
 Hailstorm                Conj/Ice       8%         3d4       26%         3
 Confusing Touch          Hex            2%         N/A       43%         3
 Frozen Ramparts          Ice            4%         1d1       43%         3
 Gell's Gravitas          Tloc           2%         N/A       43%         3
 Teleport Other           Tloc           2%         N/A       43%         3
 Vampiric Draining        Necr           2%         2d6       43%         3
 Fulminant Prism          Conj/Hex       4%         3d5       65%         4
 Dispel Undead            Necr           2%         3d7       85%         4
 Petrify                  Tmut/Erth      2%         N/A       85%         4
 Summon Ice Beast         Ice/Summ       2%         N/A       85%         4
 Agony                    Necr           2%         N/A       99%         5
 Metabolic Englaciation   Hex/Ice        1%         N/A       99%         5
 Simulacrum               Ice/Necr       1%         N/A       100%        6
 Ozocubu's Refrigeration  Ice            1%         4d7       100%        7
 Polar Vortex             Ice            1%         N/A       100%        9


Dungeon Overview and Level Annotations

Branches:
Dungeon (5/15)
 Temple: D:4-7

Altars:


Innate Abilities, Weirdness & Mutations

You have a beak for a mouth.
You have claws for feet.
Your magical nature lets you fly swiftly and evasively.


Message History

You are very lightly contaminated with residual magic.
Nothing appears to happen.
A sleepcap comes into view.
You miscast Shock.
Nothing appears to happen.
The zap hits the white imp.
You kill the white imp!
Casting: Shock (safe; 2% risk of failure)
Confirm with . or Enter, or press ? or * to list all spells.
The spell is extremely dangerous to miscast (10% risk of failure)!
Continue anyway?
Aiming: Airstrike (extremely dangerous; 10% risk of failure)
Press: ? - help, Dir - move target, f - sleepcap
Aim: a sleepcap (empty space bonus: 6/8)
The air twists around and strikes the sleepcap.
The sleepcap is lightly damaged.
A phantom comes into view.
The zap hits the sleepcap.
The sleepcap is moderately damaged.
Casting: Shock (safe; 2% risk of failure)
Confirm with . or Enter, or press ? or * to list all spells.
Okay, then.
Casting: Shock (safe; 2% risk of failure)
Confirm with . or Enter, or press ? or * to list all spells.
Aiming: Shock (safe; 2% risk of failure)
Press: ? - help, Shift-Dir - straight line, f - phantom, p - sleepcap
Aim: a phantom (60% to hit)
The zap hits the sleepcap.
The sleepcap is heavily damaged.
The zap misses the phantom.
Casting: Shock (safe; 2% risk of failure)
Confirm with . or Enter, or press ? or * to list all spells.
Aiming: Shock (safe; 2% risk of failure)
Press: ? - help, Shift-Dir - straight line, p - phantom The zap hits the sleepcap.
The sleepcap is heavily damaged.
The zap misses the phantom.
The sleepcap releases spores at you.
You are engulfed in a cloud of soporific spores!
You fall asleep.
The sleepcap releases spores at you!!
Ouch! That really hurt!
You die...

### ... #.# #.# ####
###.####### #...
#.<........
#?..##@#.######.
#...Wf...#
.......###..######.##
....... #...........
....... #..###.#####
......W.....# #
............#
###....#.#### ~.#~.#.


You could see a phantom and a sleepcap.

Vanquished Creatures
  An ogre (D:4)
  An iguana (D:4)
  An adder (D:2)
  A white imp (D:5)
  A worm (D:3)
  5 dart slugs
  3 orcs (D:4)
  3 endoplasms
  11 goblins
  6 hobgoblins
  3 jackals (D:1)
  2 quokkas
  9 ball pythons
  4 bats
  A frilled lizard (D:2)
  9 kobolds
  10 rats
71 creatures vanquished.

Notes
Turn   | Place    | Note
-------+----------+-------------------------------------------
     0 | D:1      | Dawnplanks the Tengu Air Elementalist began the quest for
                  | the Orb.
     0 | D:1      | Reached XP level 1. HP: 10/10 MP: 4/4
   423 | D:1      | Reached XP level 2. HP: 15/15 MP: 6/6
   698 | D:1      | Reached XP level 3. HP: 19/19 MP: 7/7
   911 | D:1      | Learned a level 2 spell: Static Discharge
   915 | D:1      | Learned a level 3 spell: Swiftness
  1194 | D:2      | Reached skill level 5 in Air Magic
  1344 | D:2      | Reached XP level 4. HP: 24/24 MP: 8/8
  2487 | D:3      | Found a faded altar of an unknown god.
  2632 | D:4      | Reached skill level 6 in Air Magic
  2651 | D:4      | Noticed an ogre
  2658 | D:4      | Killed an ogre
  2659 | D:4      | Gained mutation: Your magical nature lets you fly swiftly
                  | and evasively. [Tengu growth]
  2659 | D:4      | Reached XP level 5. HP: 28/28 MP: 10/10
  2664 | D:4      | Learned a level 4 spell: Airstrike
  3273 | D:5      | Entered Level 5 of the Dungeon
  3294 | D:5      | Noticed a phantom
  3300 | D:5      | Slain by a sleepcap

Illustrated notes

Levels and vault maps discovered:
D:1:      dpeg_arrival_tiny_d, layout_basic, serial_forest,
          infiniplex_forest_pool, infiniplex_forest_clump_long,
          infiniplex_forest_clump_medium, infiniplex_forest_clump_C,
          infiniplex_forest_zigzag_1, infiniplex_forest_clump_C
D:2:      layout_loops_ring, hangedman_abyss_or_decor_stabs,
          hangedman_decor_points
D:3:      layout_basic, ebering_ecumenical_altar_rust
D:4:      layout_basic
D:5:      layout_loops_ring, chequers_serial_rivers_marsh, uniq_blork_the_orc

Skill      XL: |  1  2  3  4 |
---------------+-------------+-----
Air Magic      | 5 6 |  6.9
Conjurations   | 2 |  2.9
Spellcasting   | 3 |  3.0
Dodging        | |  2.6
Stealth        | |  2.0

Action                     |  1- 3 |  4- 6 || total
---------------------------+-------+-------++-------
   Cast: Shock             |    75 |    79 ||   154
         Airstrike         |       |     1 ||     1
 Armour: Robe              |     1 |       ||     1
  Dodge: Dodged            |     6 |     1 ||     7

Table legend: (Time is in decaauts)
 A = Elapsed time spent in this place.
 B = Non-inter-level travel time spent in this place.
 C = Inter-level travel time spent in this place.
 D = Time resting spent in this place.
 E = Time spent auto-exploring this place.
 F = Levels seen in this place.
 G = Mean time per level.
                   A        B        C        D        E       F      G
               +--------+--------+--------+--------+--------+-----+--------+
         Total |   3239 |   3131 |    108 |      0 |   2811 |   5 |  647.8 |
       Dungeon |   3239 |   3131 |    108 |      0 |   2811 |   5 |  647.8 |
               +--------+--------+--------+--------+--------+-----+--------+

Top non-repeatable levels by time:
     D:1: 1189 daAuts
     D:2: 717 daAuts
     D:3: 694 daAuts
     D:4: 612 daAuts
     D:5: 25 daAuts
